 Dungeon Crawl Stone Soup version 0.31-a0-303-gdc8c9485ea (webtiles) character file.

Game seed: 8590250288761230995

182 Zonian the Ducker (level 5, -2/22 HPs)
             Began as a Felid Shapeshifter on July 16, 2023.
             Was a Believer of Hepliaklqana.
             Constricted to death by Ijyb (5 damage)
             ... on level 4 of the Dungeon.
             The game lasted 00:06:38 (3277 turns).

Zonian the Ducker (Felid Shapeshifter)              Turns: 3277, Time: 00:06:38

Health: -2/22      AC:  2    Str: 13    XL:     5   Next: 35%
Magic:  6/6        EV: 16    Int:  9    God:    Hepliaklqana [**....]
Gold:   209        SH:  0    Dex: 17    Spells: 4/4 levels left
                                        Lives:  0   Deaths: 1

rFire   . .          .
                       - Unarmed
rCold   . . .        (shield unavailable)
rNeg    . . .        (body armour unavailable)
rPois   .            (helmet unavailable)
rElec   .            (cloak unavailable)
rCorr   .            (gloves unavailable)
SInv    +            (boots unavailable)
Will    .....        (no amulet)
Stlth   ++           (no ring)
HPRegen 0.23/turn    (no ring)
MPRegen 0.10/turn

%: no passive effects
@: beast-form, grasped by roots, constricted, quick
A: beast (slay +3), reduced essence, very small, claws 1, fangs 3, see
invisible, speed 1, shaggy fur 2, stealthy paws, no weapons or thrown items, no
armour, multi-lived
a: Begin Untransformation, Renounce Religion, Recall Ancestor, Ancestor Identity


You were on level 4 of the Dungeon.
You worshipped Hepliaklqana.
Hepliaklqana was pleased with you.
You were a hulking beast.
You visited 1 branch of the dungeon, and saw 4 of its levels.

You collected 209 gold pieces.

Inventory:

Talismans
 b - a beast talisman
Scrolls
 h - a scroll of poison
 j - 2 scrolls of immolation
Potions
 a - 2 potions of lignification
 c - a potion of enlightenment
 e - a potion of ambrosia
 f - a potion of magic
 g - a potion of attraction {unknown}
 k - a potion of curing {unknown}
 l - 2 potions of heal wounds
 n - a potion of invisibility {unknown}
 p - a potion of degeneration {unknown}


   Skills:
 + Level 3.7 Fighting
 + Level 5.1 Dodging
 + Level 3.7 Unarmed Combat
 + Level 4.4 Shapeshifting


You had 4 spell levels left.
You didn't know any spells.
Your spell library contained the following spells:

 Spells                   Type           Power      Damage    Failure   Level
 Sandblast                Erth           0%         2d4       38%         1
 Passwall                 Tmut/Erth      0%         N/A       52%         2
 Stone Arrow              Conj/Erth      0%         3d7       77%         3


Dungeon Overview and Level Annotations

Branches:
Dungeon (4/15)
 Temple: D:4-7

Altars:
Hepliaklqana
Makhleb
Nemelex Xobeh

Annotations:
D:4 Ijyb


Innate Abilities, Weirdness & Mutations

You are a hulking beast.
Your limbs bulge with bestial killing power. (Slay +3)
Your life essence is reduced to manifest your ancestor. (-10% HP)
You have sharp claws.
You have razor-sharp teeth.
You have supernaturally acute eyesight. (SInv)
You cover ground quickly. (Speed+)
You are covered in thick fur. (AC +2)
Your paws help you pounce on unaware monsters.
You are incapable of wielding weapons or throwing items.
You cannot wear armour.
You gain extra lives every three experience levels.


Message History

The dart slug is severely wounded.
You scratch the dart slug.
The dart slug is almost dead.
The dart slug launches a dart at you. The slug dart hits you.
You scratch the dart slug but do no damage.
You bite the dart slug.
You kill the dart slug!
An orc is nearby!
Unknown command.
The orc barely misses Popeye.
Popeye closely misses the orc.
You swap places.
The orc barely misses you.
You scratch the orc.
You kill the orc!
No target in view!
You swap places.
A giant cockroach is nearby!
A giant cockroach is nearby!
Unknown command.
You swap places.
You barely miss Ijyb.
Ijyb zaps a wand.
The roots erupt in riotous growth!
The grasping roots grab you!
Ijyb is unaffected.
Popeye is unaffected.
The grasping roots constrict you.
You hear a shout!
You scratch Ijyb but do no damage. Ijyb closely misses you.
The grasping roots constrict you.
An orc comes into view. It is wielding a +0 mace.
You scratch Ijyb.
Ijyb is lightly wounded.
Ijyb hits you with a +0 dagger. The grasping roots constrict you!
The giant cockroach misses you.
Unknown command.
You scratch Ijyb but do no damage. You bite Ijyb.
Ijyb is moderately wounded.
The giant cockroach barely misses you. Ijyb hits you with a +0 dagger.
* * * LOW HITPOINT WARNING * * *
The grasping roots constrict you.
You die...

#..o......#
##..B......#.
.....o.....#.#
.........#.##
#.#.#.........
#...g.o..##..# #
#g.R# #.o#####.#
###
##)####..##....#
..
#)......BhR.#### #
#.#####.g#######.#
# #.# #..........#
# #.# #....#######
#.# ####.# #.# #.#
#.# #.# #.# #.#
########.# #.#


You could see the friendly Popeye the knight, Ijyb, an orc and a giant cockroach
(ally target).

Vanquished Creatures
  2 hounds (D:4)
  An iguana (D:4)
  Robin (D:3)
  2 adders (D:3)
  2 ufetubi
  A worm (D:3)
  4 dart slugs
  5 orcs
  5 ball pythons
  2 endoplasms
  A giant cockroach (D:2)
  11 goblins
  5 hobgoblins
  7 jackals
  5 kobolds
  2 quokkas
  3 bats
  A frilled lizard (D:1)
  6 rats
66 creatures vanquished.

Vanquished Creatures (collateral kills)
  A scorpion (D:4)
  A jelly (D:4)
  An orc wizard (D:4)
  A worm (D:2)
  5 orcs
  A ball python (D:3)
  7 goblins
  3 hobgoblins
  2 jackals (D:2)
  A bat (D:3)
  A kobold (D:2)
24 creatures vanquished.

Vanquished Creatures (others)
  A knight (D:4)
  An ancestor (D:3)
2 creatures vanquished.

Grand Total: 92 creatures vanquished

Notes
Turn   | Place    | Note
-------+----------+-------------------------------------------
     0 | D:1      | Zonian the Felid Shapeshifter began the quest for the Orb.
     0 | D:1      | Reached XP level 1. HP: 9/9 MP: 2/2
   146 | D:1      | Reached skill level 3 in Dodging
   146 | D:1      | Reached XP level 2. HP: 9/13 MP: 3/3
   415 | D:1      | Found a faded altar of an unknown god.
   437 | D:1      | Prayed at the altar of an unknown god.
   437 | D:1      | Became a worshipper of Hepliaklqana the Forgotten
   437 | D:1      | Reached * piety under Hepliaklqana
   721 | D:2      | Reached XP level 3. HP: 14/14 MP: 4/4
  1222 | D:2      | Found a sparkling altar of Nemelex Xobeh.
  1804 | D:3      | Reached XP level 4. HP: 5/18 MP: 5/5
  2191 | D:3      | Reached ** piety under Hepliaklqana
  2192 | D:3      | Remembered your ancestor Popeye as a knight
  2264 | D:3      | Reached skill level 4 in Dodging
  2266 | D:3      | Noticed Robin
  2281 | D:3      | Killed Robin
  2573 | D:4      | Reached XP level 5. HP: 12/21 MP: 6/6
  2987 | D:4      | Gained mutation: You are covered in thick fur. (AC +2)
                  | [Felid growth]
  2987 | D:4      | Reached XP level 6. HP: 25/25 MP: 7/7
  3067 | D:4      | Reached skill level 5 in Dodging
  3071 | D:4      | Found a burning altar of Makhleb.
  3184 | D:4      | Noticed Ijyb
  3186 | D:4      | Killed from afar by an orc priest
  3187 | D:4      | Reached XP level 5. HP: -1/22 MP: 6/6
  3277 | D:4      | Constricted to death by Ijyb

Illustrated notes

Levels and vault maps discovered:
D:1:      dpeg_arrival_windows_large_door, layout_loops_cross,
          chequers_ecumenical_altar_simple
D:2:      layout_loops_ring, basic_altar, chequers_serial_rivers_large_b
D:3:      layout_loops_ring, supply_closet_lemuel, uniq_robin
D:4:      layout_loops_ring, mainiacjoe_overflow_small_starburst,
          grunt_ministairs_10, nicolae_goblin_pals, uniq_eustachio

Skill      XL: |  1  2  3  4  5  6 |
---------------+-------------------+-----
Dodging        | 3 4 5 |  5.1
Fighting       | 3 |  3.7
Unarmed Combat | 3 |  3.7
Shapeshifting  | 4 |  4.4

Action                     |  1- 3 |  4- 6 || total
---------------------------+-------+-------++-------
  Melee: Unarmed           |    80 |    85 ||   165
         Bite              |     5 |     4 ||     9
         Punch             |     1 |     2 ||     3
 Invoke: Recall Ancestor   |     1 |     1 ||     2
         Ancestor Identity |     1 |       ||     1
         Ancestor Life: Kn |       |     1 ||     1
    Use: Scroll            |       |     9 ||     9
         Potion            |       |     1 ||     1
   Stab: Sleeping          |     5 |       ||     5
 Armour: Skin              |     7 |     4 ||    11
  Dodge: Dodged            |    70 |    76 ||   146

Table legend: (Time is in decaauts)
 A = Elapsed time spent in this place.
 B = Non-inter-level travel time spent in this place.
 C = Inter-level travel time spent in this place.
 D = Time resting spent in this place.
 E = Time spent auto-exploring this place.
 F = Levels seen in this place.
 G = Mean time per level.
                   A        B        C        D        E       F      G
               +--------+--------+--------+--------+--------+-----+--------+
         Total |   3123 |   3014 |    109 |    710 |   1751 |   4 |  780.8 |
       Dungeon |   3123 |   3014 |    109 |    710 |   1751 |   4 |  780.8 |
               +--------+--------+--------+--------+--------+-----+--------+

Top non-repeatable levels by time:
     D:3: 1142 daAuts
     D:2: 775 daAuts
     D:4: 690 daAuts
     D:1: 515 daAuts
